 Dungeon Crawl Stone Soup version 0.29.1-15-g9cfb28693d (webtiles) character file.

Game seed: 12170030439380089775

57670 Eitelfritz the Severer (level 14, 0/135 HPs)
             Began as a Minotaur Gladiator on Mar 10, 2023.
             Was a High Priest of Trog.
             Drowned by a drowned soul (10 damage)
             ... summoned by a merfolk avatar
             ... on level 5 of the Lair of Beasts.
             The game lasted 00:48:05 (15715 turns).

Eitelfritz the Severer (Minotaur Gladiator)        Turns: 15715, Time: 00:48:06

Health: 0/135      AC: 26    Str: 20    XL:     14   Next: 46%
Magic:  13/13      EV: 11    Int:  9    God:    Trog [*****.]
Gold:   1126       SH:  0    Dex: 12    Spells: 13/13 levels left

rFire   . . .      SeeInvis .   a - +6 broad axe (flame)
rCold   + + .      Faith    .   (no shield)
rNeg    + . .      Spirit   .   N - +1 storm dragon scales "Ipriphim" {Drain rElec rPois rC++}
rPois   +          Reflect  .   c - +2 hat
rElec   +          Harm     .   v - +0 cloak
rCorr   .          Rampage  .   S - +2 pair of gloves {Stlth+}
Will    +++..                   P - +0 pair of boots
Stlth   ..........              M - amulet of regeneration
HPRegen 2.12/turn               q - ring of positive energy
MPRegen 0.13/turn               (no ring)

@: strong-willed, regenerating
A: horns 2, retaliatory headbutt
a: Renounce Religion, Berserk, Trog's Hand, Brothers in Arms


You were on level 5 of the Lair of Beasts.
You worshipped Trog.
Trog was extremely pleased with you.
You visited 4 branches of the dungeon, and saw 18 of its levels.
You also visited: Sewer, Ice Cave and Volcano.

You collected 2500 gold pieces.
You spent 1374 gold pieces at shops.

Inventory:

Hand Weapons
 a - a +6 broad axe of flaming (weapon)
 b - a +1 arbalest of flaming
 G - a +3 executioner's axe
 R - a +5 battleaxe
Missiles
 d - 9 throwing nets (quivered)
 e - 10 javelins
 g - 32 poisoned darts
 i - 5 boomerangs of dispersal
 m - 9 curare-tipped darts
 y - 17 boomerangs
 F - 3 silver javelins
 J - 2 datura-tipped darts
Armour
 c - a +2 hat (worn)
 v - a +0 cloak (worn)
 N - the +1 storm dragon scales "Ipriphim" (worn) {Drain rElec rPois rC++}
   (You bought it in a shop on level 6 of the Dungeon)

   rC:        It greatly protects you from cold.
   rElec:     It insulates you from electricity.
   rPois:     It protects you from poison.
   Drain:     It drains your maximum health when unequipped.
 P - a +0 pair of boots (worn)
 S - a +2 pair of gloves of stealth (worn)
Jewellery
 j - a ring of ice
 q - a ring of positive energy (left hand)
 I - a +6 ring of dexterity
 M - an amulet of regeneration (around neck)
 O - a ring of protection from cold
Wands
 f - a wand of roots (8)
 r - a wand of charming (7)
 u - a wand of mindburst (12)
 C - a wand of quicksilver (29)
 K - a wand of digging (5)
 Q - a wand of flame (10)
Scrolls
 k - a scroll of blinking
 n - a scroll of fear
 p - 10 scrolls of teleportation
 x - 2 scrolls of identify
 D - 4 scrolls of butterflies
 H - 2 scrolls of magic mapping
Potions
 h - 2 potions of lignification
 l - 2 potions of might
 o - 5 potions of flight
 s - 6 potions of curing
 w - 3 potions of haste
 z - a potion of ambrosia
 B - a potion of resistance
 E - a potion of magic


   Skills:
 + Level 15.2 Fighting
 + Level 20.4 Axes
 + Level 1.0 Ranged Weapons
 + Level 2.1 Throwing
 + Level 14.5 Armour
 + Level 7.7 Dodging
 + Level 2.8 Stealth


You had 13 spell levels left.
You didn't know any spells.
Your spell library was empty.

Dungeon Overview and Level Annotations

Branches:
Dungeon (11/15)            Temple (1/1) D:5            Lair (5/5) D:8
  Swamp (0/4) Lair:2       Spider (0/4) Lair:3        Slime (0/5) Lair:4
    Orc (1/2) D:11          Sewer (visited)           IceCv (visited)
Volcano (visited)

Altars:
Ashenzari
Cheibriados
Dithmenos
Elyvilon
Fedhas
Gozag
Hepliaklqana
Kikubaaqudgha
Makhleb
Nemelex Xobeh
Okawaru
Qazlal
Ru
Sif Muna
Trog
Uskayaw
Vehumet
Wu Jian
Xom
Yredelemnul
Zin
The Shining One
Jiyva

Shops:
D:6 [


Innate Abilities, Weirdness & Mutations

You have a pair of horns on your head.
You reflexively headbutt those who attack you in melee.


Message History

You resist with almost no effort.
Found a potion of might and a viscous white potion.
Found 2 potions of heal wounds and a scroll of butterflies.
The merfolk avatar chants a haunting song.
You resist with almost no effort.
You hear a screech!
You hit the drowned soul. You burn the drowned soul.
Your headbutt misses the drowned soul.
The drowned soul is lightly damaged.
You hit the plant.
The plant begins to die.
You burn the plant. You hit the plant.
The plant begins to die.
You burn the plant. The drowned soul touches you. The drowned soul drowns you!
* * * LOW HITPOINT WARNING * * *
The merfolk avatar chants a haunting song.
You resist with some effort. The drowned soul touches you.
The drowned soul drowns you!
* * * LOW HITPOINT WARNING * * *
Okay, then.
Unknown command.
Unknown command.
Unknown command.
You feel better.
A nearby plant withers and dies.
The merfolk avatar chants a haunting song.
You easily resist.
A nearby plant withers and dies.
You barely miss the drowned soul. Your headbutt misses the drowned soul.
The drowned soul returns to the deep!
The merfolk avatar chants a haunting song.
You resist with almost no effort.
You slash the drowned soul! You burn the drowned soul.
The drowned soul is severely damaged.
The drowned soul touches you. The drowned soul drowns you!
* * * LOW HITPOINT WARNING * * *
A harpy comes into view.
The merfolk avatar chants a haunting song.
You resist with almost no effort.
You slash the drowned soul! You burn the drowned soul.
The drowned soul is severely damaged.
The drowned soul touches you. The drowned soul drowns you!
You die...

#.##.....#~P~...#........
###..~~.~.~~~..~..~~~.~~.
# #..~#~.##~~~~†††#~~##~~
#.##~#~~~##.~#P~[~#~~##~
.....~~~~~~~~~~~††~P.~~~
....~~~~~~#~~##†††#~~#~.
....~##~~~~~P~~~~~.~P~#~.
#...~. ~~#~~~#~~8~~~#~# .
####~ #8~~~P~@~~~~8# #
~.####~~~~##### ~~~.~W~~~
# #~.~8~~W~~~~~ .
#.P~##m~##~~P# ~#~~


():$ ~~~# ~.~~ !W≈! ~~# #~ #?W≈! ~~# You could see a merfolk avatar and 4
drowned souls.

Vanquished Creatures
  The ghost of Jiots the Thaumaturge, a journeyman DsHW of Uskayaw (Lair:4)
  A fire dragon (Lair:3)
  5 hydras
  Fannar (Orc:1)
  A boulder beetle (D:9)
  Harold (D:9)
  A two-headed ogre (D:9)
  Erica (Lair:2)
  A tengu warrior (D:11)
  3 death yaks (Lair:1)
  Urug (Orc:1)
  Amaemon (Lair:3)
  Sonja (D:11)
  A bog body (IceCv)
  2 sea snakes (Lair:5)
  A necromancer (IceCv)
  A deep elf pyromancer (D:9)
  Pikel (D:6)
  2 ugly things
  An oklob plant (Lair:2)
  2 manticores (Lair:5)
  A cyclops (D:11)
  2 ice statues (IceCv)
  5 black mambas
  2 moths of wrath (Lair:4)
  An orange demon (Lair:3)
  6 torpor snails
  A gargoyle (D:7)
  12 cane toads
  A yaktaur (Volcano)
  2 kobold demonologists (D:10)
  6 rime drakes
  7 komodo dragons
  4 anaconda simulacra (IceCv)
  A tengu conjurer (D:11)
  6 ice devils (IceCv)
  4 trolls
  2 tyrant leeches (Lair:2)
  A hornet (Lair:5)
  4 polar bears
  Grinder (D:6)
  Prince Ribbit (D:7)
  8 blink frogs
  A snapping turtle (Lair:5)
  26 dream sheep
  A shadow (D:9)
  2 dire elephant simulacra (IceCv)
  38 yaks
  6 wyverns
  3 basilisks
  7 vampire mosquitoes
  3 steam dragons
  2 harpy simulacra (IceCv)
  2 acid dragons
  2 hydra simulacra (IceCv)
  9 water moccasins
  3 sky beasts
  2 ice beasts
  13 orc warriors
  A black bear (D:8)
  3 ogres
  4 centaurs
  A lemure (D:6)
  5 kobold brigands
  Blork the orc (D:5)
  9 bullfrogs
  2 necrophages
  A gnoll sergeant (D:10)
  8 scorpions
  3 wights (D:8)
  An elephant simulacrum (IceCv)
  9 killer bees
  8 electric eels
  5 howler monkeys
  A crimson imp (D:8)
  4 hounds (D:4)
  A jelly (D:6)
  12 orc priests
  2 gnoll boudas
  5 iguanas
  22 orc wizards
  A spriggan simulacrum (IceCv)
  A hell rat (Sewer)
  2 troll simulacra (IceCv)
  20 gnolls
  9 adders
  3 river rats (Sewer)
  A shadow imp (D:6)
  18 white imps
  3 ufetubi
  3 worms
  3 dart slugs
  47 orcs
  5 endoplasms
  5 giant cockroaches
  7 goblins
  8 hobgoblins
  4 jackals (D:5)
  17 kobolds
  3 quokkas (D:3)
  5 ball pythons
  4 bats (D:3)
  A frilled lizard (D:3)
  3 rats
  4 toadstools (D:1)
513 creatures vanquished.

Vanquished Creatures (others)
  An orc (Orc:1)
  15 fungi
  33 plants
49 creatures vanquished.

Grand Total: 562 creatures vanquished

Notes
Turn   | Place    | Note
-------+----------+-------------------------------------------
     0 | D:1      | Eitelfritz the Minotaur Gladiator began the quest for the
                  | Orb.
     0 | D:1      | Reached XP level 1. HP: 18/18 MP: 0/0
   487 | D:1      | Reached skill level 4 in Axes
   551 | D:1      | Reached XP level 2. HP: 21/25 MP: 1/1
   753 | D:2      | Found a faded altar of an unknown god.
   787 | D:2      | Reached XP level 3. HP: 20/30 MP: 2/2
   791 | D:2      | Reached skill level 1 in Armour
  1032 | D:2      | Reached skill level 5 in Axes
  1453 | D:2      | Reached XP level 4. HP: 32/37 MP: 3/3
  2061 | D:3      | Found a bloodstained altar of Trog.
  2068 | D:3      | Became a worshipper of Trog the Wrathful
  2109 | D:3      | Found a sacrificial altar of Ru.
  2943 | D:3      | Identified a scroll of acquirement
  2943 | D:3      | Acquired the amulet of Jacieng {rElec rF- Regen+ Str+2
                  | Slay+3}
  2998 | D:4      | Noticed a kobold brigand
  3013 | D:4      | Killed a kobold brigand
  3014 | D:4      | Reached skill level 6 in Axes
  3014 | D:4      | Reached XP level 5. HP: 26/45 MP: 4/4
  3054 | D:4      | Reached * piety under Trog
  3055 | D:4      | Reached XP level 6. HP: 51/51 MP: 5/5
  3080 | D:4      | Reached skill level 7 in Axes
  3174 | D:4      | Reached XP level 7. HP: 51/58 MP: 6/6
  3229 | D:4      | Found a radiant altar of Vehumet.
  3257 | D:4      | Reached skill level 8 in Axes
  3271 | D:4      | Found a glowing drain.
  3298 | Sewer    | Entered a sewer
  3305 | Sewer    | Reached ** piety under Trog
  3406 | D:4      | Found a broken altar of Ashenzari.
  3639 | D:4      | Found a white marble altar of Elyvilon.
  3768 | D:5      | Entered Level 5 of the Dungeon
  4091 | D:5      | Noticed Blork the orc
  4098 | D:5      | Killed Blork the orc
  4099 | D:5      | Reached skill level 9 in Axes
  4099 | D:5      | Reached XP level 8. HP: 58/67 MP: 7/7
  4195 | D:5      | Reached skill level 5 in Fighting
  4195 | D:5      | Reached skill level 5 in Armour
  4208 | D:5      | Found a staircase to the Ecumenical Temple.
  4251 | Temple   | Entered the Ecumenical Temple
  4451 | D:5      | Reached skill level 10 in Axes
  4472 | D:5      | Reached skill level 1 in Stealth
  4652 | D:5      | Reached *** piety under Trog
  4752 | D:5      | Found an ornate altar of the Wu Jian Council.
  5009 | D:6      | Noticed Grinder
  5016 | D:6      | Killed Grinder
  5017 | D:6      | Reached skill level 11 in Axes
  5026 | D:6      | Reached XP level 9. HP: 75/75 MP: 8/8
  5206 | D:6      | Found Margaret's Dragon-Slaying Spoils.
  5353 | D:6      | Noticed Pikel
  5363 | D:6      | Killed Pikel
  5698 | D:7      | Noticed Prince Ribbit
  5705 | D:7      | Reached skill level 12 in Axes
  5709 | D:7      | Killed Prince Ribbit
  5836 | D:7      | Found a snail-covered altar of Cheibriados.
  6403 | D:7      | Noticed a gargoyle
  6414 | D:7      | Killed a gargoyle
  6565 | D:8      | Reached **** piety under Trog
  6566 | D:8      | Reached skill level 13 in Axes
  6572 | D:8      | Reached XP level 10. HP: 53/86 MP: 9/9
  6725 | D:8      | Found a staircase to the Lair.
  7159 | D:8      | Reached ***** piety under Trog
  7334 | D:8      | Found a burning altar of Makhleb.
  7417 | D:9      | Reached skill level 14 in Axes
  7555 | D:9      | Reached skill level 15 in Axes
  7571 | D:9      | Noticed Harold
  7583 | D:9      | Killed Harold
  7584 | D:9      | Reached XP level 11. HP: 25/95 MP: 10/10
  7586 | D:9      | Received a gift from Trog
  7685 | D:9      | Found a glowing silver altar of Zin.
  8084 | D:9      | Found a shadowy altar of Dithmenos.
  8154 | D:9      | Noticed a deep elf pyromancer
  8158 | D:9      | Killed a deep elf pyromancer
  8159 | D:9      | Reached skill level 16 in Axes
  8163 | D:9      | Noticed a boulder beetle
  8177 | D:9      | Killed a boulder beetle
  8189 | D:9      | Noticed a two-headed ogre
  8200 | D:9      | Killed a two-headed ogre
  8201 | D:9      | Reached skill level 5 in Dodging
  8315 | D:9      | Noticed a brown ugly thing
  8324 | D:9      | Killed a brown ugly thing
  8360 | D:9      | Identified the +2 short sword of War {venom, Str+4}
  8407 | D:10     | Entered Level 10 of the Dungeon
  8425 | D:10     | Reached skill level 17 in Axes
  8445 | D:10     | Found an ancient bone altar of Kikubaaqudgha.
  8448 | D:10     | Found a blossoming altar of Fedhas.
  8654 | D:10     | Found a shimmering blue altar of Sif Muna.
  8709 | D:10     | Found a shimmering altar of Xom.
  8710 | D:10     | Found a shimmering altar of Xom.
  8711 | D:10     | Found a shimmering altar of Xom.
  8711 | D:10     | Found a shimmering altar of Xom.
  8713 | D:10     | Found a shimmering altar of Xom.
  8715 | D:10     | Found a shimmering altar of Xom.
  8807 | D:10     | Found the +4 skin of Zhor {*Englaciate rC+++ SInv}
  8817 | D:10     | Reached skill level 10 in Fighting
  9266 | D:11     | Found a staircase to the Orcish Mines.
  9315 | D:11     | Noticed a tengu warrior
  9333 | D:11     | Reached XP level 12. HP: 39/106 MP: 11/11
  9337 | D:11     | Killed a tengu warrior
  9453 | D:11     | Reached skill level 18 in Axes
  9665 | D:11     | Received a gift from Trog
  9739 | D:11     | Noticed Sonja
  9741 | D:11     | Acquired 975 gold pieces
  9848 | D:11     | Killed Sonja
 10114 | D:6      | Bought the +1 storm dragon scales "Ipriphim" {Drain rElec
                  | rPois rC++} for 1374 gold pieces
 10268 | Orc:1    | Entered Level 1 of the Orcish Mines
 10284 | Orc:1    | Noticed Fannar
 10316 | Orc:1    | Killed Fannar
 10597 | Orc:1    | Noticed Urug
 10609 | Orc:1    | Killed Urug
 10845 | Lair:1   | Entered Level 1 of the Lair of Beasts
 10860 | Lair:1   | Reached skill level 10 in Armour
 10879 | Lair:1   | Noticed a seven-headed hydra
 10888 | Lair:1   | Killed a two-headed hydra
 10910 | Lair:1   | Noticed a death yak
 10910 | Lair:1   | Noticed a death yak
 10911 | Lair:1   | Noticed a death yak
 10913 | Lair:1   | Noticed a six-headed hydra
 10921 | Lair:1   | Killed a death yak
 10927 | Lair:1   | HP: 1/168 [death yak (10)]
 10927 | Lair:1   | Killed a three-headed hydra
 10929 | Lair:1   | Killed a death yak
 10930 | Lair:1   | Killed a death yak
 10982 | Lair:1   | Found a dark tunnel.
 10988 | Volcano  | Entered a volcano
 11246 | Lair:1   | Reached skill level 19 in Axes
 11804 | Lair:2   | Found the amulet of Elemental Vulnerability {rPois rF--
                  | rC-- AC+8}
 11846 | Lair:2   | Reached XP level 13. HP: 106/119 MP: 12/12
 11852 | Lair:2   | Identified the +4 hand axe of the Ten Orbs {flame, rPois
                  | rF+ Dex+3}
 11947 | Lair:2   | Found a staircase to the Swamp.
 12164 | Lair:2   | Found a snail-covered altar of Cheibriados.
 12391 | Lair:2   | Noticed Erica
 12409 | Lair:2   | Killed Erica
 12450 | Lair:2   | HP: 4/122 [oklob plant/splash of acid (22)]
 12573 | Lair:2   | Received a gift from Trog
 12793 | Lair:3   | Noticed Amaemon
 12802 | Lair:3   | Killed Amaemon
 12938 | Lair:3   | Found a hole to the Spider Nest.
 13069 | Lair:3   | Found a frozen archway.
 13099 | IceCv    | Entered an ice cave
 13454 | IceCv    | Identified the +8 war axe of the Howling Enemy {flame,
                  | rPois}
 13842 | Lair:3   | Noticed a fire dragon
 13857 | Lair:3   | Killed a fire dragon
 13858 | Lair:3   | Reached XP level 14. HP: 77/133 MP: 13/13
 14247 | Lair:4   | Found a staircase to the Slime Pits.
 14248 | Lair:4   | Found a viscous altar of Jiyva.
 14422 | Lair:4   | Found a transporter.
 14429 | Lair:4   | Received a gift from Trog
 14450 | Lair:4   | Found a transporter.
 14453 | Lair:4   | Noticed Jiots's ghost (journeyman DsHW)
 14463 | Lair:4   | Reached skill level 20 in Axes
 14475 | Lair:4   | Killed Jiots's ghost
 15535 | Lair:5   | Entered Level 5 of the Lair of Beasts
 15564 | Lair:5   | Reached skill level 15 in Fighting
 15674 | Lair:5   | Reached skill level 1 in Ranged Weapons
 15698 | Lair:5   | HP: 2/135 [komodo dragon (10)]
 15707 | Lair:5   | HP: 2/135 [drowned by a drowned soul[a merfolk avatar]
                  | (12)]
 15715 | Lair:5   | Drowned by a drowned soul

Illustrated notes

Levels and vault maps discovered:
D:1:      ldierk_water_garden, layout_loops_ring
D:2:      layout_basic, nicolae_ecumenical_pavilion, serial_rivers,
          chequers_serial_rivers_small_a, chequers_serial_rivers_room_b,
          chequers_serial_rivers_small_b, chequers_serial_rivers_micro_e,
          chequers_serial_rivers_micro_e
D:3:      layout_loops_ring, mainiacjoe_overflow_catch_the_wave,
          item_on_display_b
D:4:      minmay_skewed_foursquare, layout_rooms, elyvilon_altar_5,
          vehumet_crystals, mainiacjoe_overflow_alcove_2, gup_sewer_entry_glass,
          serial_glass, glass_columns_b, glass_columns_b, glass_columns_b,
          glass_columns_a, glass_columns_c, glass_columns_a, glass_columns_b,
          glass_columns_a, hangedman_abyss_or_decor_passed
D:5:      layout_loops_ring, lemuel_doored_altar,
          minmay_temple_entry_mini_moons, hangedman_decor_peaks_small,
          kennysheep_generic_room_6, uniq_blork_the_orc
D:6:      layout_loops_ring, nicolae_shop_dragon_depot, solitary_fountain,
          uniq_grinder, uniq_pikel
D:7:      layout_loops_corners, slow_altar_1, uniq_prince_ribbit1
D:8:      layout_loops_cross, makhleb_grotto_becter,
          grunt_lair_entry_orc_guard_hut
D:9:      layout_cave_pools, lemuel_coloured_pillars_altar, kennysheep_mini,
          evilmike_minifort, uniq_harold
D:10:     layout_gridville, led_sif_pool,
          grunt_temple_overflow_growth_and_decay, xom_redecorated,
          minmay_tree_intersection, hellmonk_guarded_unrand_zhor
D:11:     layout_roguey, orc_0_dummy, corner_web_ring, uniq_sonja
Temple:   nicolae_temple_bog_church
Lair:1:   layout_gridlike, enter_volcano_1, nicolae_quartered_pool_medium,
          minivault_11
Lair:2:   layout_gridlike, minmay_swamp_entry_worms, kennysheep_snail_temple,
          infiniplex_staircase_pool, grunt_megastairs_2, uniq_erica
Lair:3:   dragon1_lemuel, layout_regular_city, nicolae_spider_entry_non_spiders,
          portal_ice_cave_entry_imps, uniq_amaemon
Lair:4:   layout_layer_cave, slime_entry_1, gammafunk_ghost_berserking_beasts,
          serial_bayou_shore_a, grunt_megastairs_5, lemuel_fruit_tree
Lair:5:   gammafunk_lair_ancient_temple, layout_gridlike,
          gammafunk_ghost_hydra_chop, serial_bayou_shore_b
Orc:1:    layout_caves, uniq_urug, uniq_fannar

Skill      XL: |  1  2  3  4  5  6  7  8  9 10 11 12 13 14 |
---------------+-------------------------------------------+-----
Axes           | 4 5 6 7 9 11 13 15 17 19 20 | 20.4
Armour         | 1 2 3 4 6 8 9 10 13 14 | 14.5
Fighting       | 3 4 5 7 8 10 12 14 15 | 15.2
Dodging        | 4 6 7 |  7.7
Stealth        | 1 2 |  2.8
Ranged Weapons | 1 |  1.0
Throwing       | |  2.1

Action                   |  1- 3 |  4- 6 |  7- 9 | 10-12 | 13-15 || total
-------------------------+-------+-------+-------+-------+-------++-------
Melee: War axe           |    55 |     4 |       |       |       ||    59
       Headbutt          |    10 |    13 |    35 |    68 |   101 ||   227
       Broad axe         |       |    78 |   214 |   140 |   415 ||   847
       Punch             |       |       |     5 |     5 |     7 ||    17
       Battleaxe         |       |       |       |   259 |       ||   259
 Fire: Shortbow          |       |       |       |     3 |       ||     3
       Arbalest          |       |       |       |       |     2 ||     2
Invok: Berserk           |       |       |     1 |     7 |       ||     8
       Trog's Hand       |       |       |       |       |     1 ||     1
  Use: Scroll            |       |    12 |     7 |    10 |     5 ||    34
       Potion            |       |       |       |     4 |     2 ||     6
 Stab: Sleeping          |       |       |       |     1 |       ||     1
Armor: Chain mail        |    22 |    51 |   141 |    42 |       ||   256
       Leather armour    |     2 |       |       |       |       ||     2
       Acid dragon scale |       |       |       |    64 |       ||    64
       Troll leather arm |       |       |       |    31 |       ||    31
       Storm dragon scal |       |       |       |    75 |   225 ||   300
Dodge: Dodged            |    29 |    25 |   114 |   265 |   142 ||   575
